Map: Simulación de realidades EE

Players

VilugArZa

  • Race: Zerg Zerg
  • Spawn Location: 9:00

IA (Élite)

  • Race: Zerg Zerg
  • Spawn Location: 12:00

IA (Élite)

  • Race: Terran Terran
  • Spawn Location: 11:00

IA (Muy fácil)

  • Race: Zerg Zerg
  • Spawn Location: 3:00

VOD

Have the link to the VOD?

Description

Time

  • Played on: March 12, 2025, 10:05 a.m.
  • Length: 2:17
Show
View Real Time Build Order
Export as new Build Order

VilugArZa Zerg 

Build Orders:  

Get SALT Encoding   

  12  0:21  Drone x2  
  14  0:33  Overlord  
  14  1:01  Hatchery  
Show
View Real Time Build Order
Export as new Build Order

IA (Élite) Zerg 

Build Orders: Hatch First 

Get SALT Encoding   

  12  0:00  Drone  
  13  0:12  Overlord  
  13  0:18  Drone  
  14  0:30  Drone  
  14  0:31  Drone  
  14  0:34  Drone  
  17  0:56  Drone, Hatchery  
  17  1:10  Spawning Pool  
  16  1:12  Drone  
  16  1:16  Extractor  
  16  1:18  Drone  
  17  1:23  Drone  
  18  1:28  Drone  
  19  1:38  Overlord  
  19  1:49  Drone  
  20  2:00  Zergling x2  
Show
View Real Time Build Order
Export as new Build Order

IA (Élite) Terran 

Build Orders:  

Get SALT Encoding   

  12  0:01  SCV  
  13  0:13  SCV  
  14  0:18  Supply Depot  
  14  0:25  SCV  
  15  0:39  SCV  
  16  0:51  SCV  
  16  0:54  Refinery  
  16  0:56  Barracks  
  17  1:04  SCV  
  18  1:16  SCV  
  19  1:27  Command Center  
  19  1:36  Supply Depot  
  19  1:40  SCV  
  19  1:44  Marine  
  21  1:59  Factory  
  21  2:10  Barracks  
Show
View Real Time Build Order
Export as new Build Order

IA (Muy fácil) Zerg 

Build Orders: Pool Only 

Get SALT Encoding   

  12  0:01  Drone  
  13  0:12  Overlord  
  13  0:16  Drone  
  14  0:35  Spawning Pool  
  13  0:36  Extractor  
  13  0:40  Drone  
  13  0:47  Drone  
  14  0:53  Overlord  
  14  1:23  Zergling x2, Queen  
  17  1:35  Roach Warren  
  17  1:39  Drone  
  17  1:42  Extractor  
  16  1:47  Drone  
  16  1:48  Zergling x2  
Tags
 
Add a new tag
Caveats
  • Supply blocks, unpowered buildings, or Contaminate may cause inaccurate times.
  • Supply counts are checked every 10 seconds.